 Dungeon Crawl Stone Soup version 0.24.0-13-gcf9b319 (webtiles) character file.

Game seed: 14216613828022693933, levelgen mode: deterministic

154 Stoli the Magician (level 5, -24/32 HPs)
             Began as an Octopode Wizard on Dec 15, 2019.
             Blown up by Ijyb (29 damage)
             ... with a disintegration bolt
             ... on level 3 of the Dungeon.
             The game lasted 00:08:19 (4022 turns).

Stoli the Magician (Octopode Wizard)                Turns: 4022, Time: 00:08:22

Health: -24/32     AC:  4    Str:  6    XL:     5   Next: 35%
Magic:  3/11       EV: 18    Int: 20    God:
Gold:   133        SH:  0    Dex: 12    Spells: 9/12 levels left

rFire    . . .     SeeInvis .   c - +2 flail (crush)
rCold    . . .     Gourm    .   (no shield)
rNeg     . . .     Faith    .   a - +0 hat
rPois    .         Spirit   .   (no amulet)
rElec    .         Reflect  .   l - +5 ring of evasion
rCorr    .         Harm     .   m - +3 ring of protection
MR       .....                  (no ring)
Stlth    +++.......             (no ring)
HPRegen  0.10/turn              (no ring)
MPRegen  0.12/turn              (no ring)
                                (no ring)
                                (no ring)

@: no status effects
A: almost no armour, stealthy swim, amphibious, 8 rings, constrict 8, camouflage
1, gelatinous body 1
a: no special abilities


You were on level 3 of the Dungeon.
You were not hungry.

You visited 1 branch of the dungeon, and saw 3 of its levels.

You collected 133 gold pieces.

Inventory:

Hand Weapons
 c - a +2 flail of crushing (weapon)
 d - a +0 dagger
Armour
 a - a +0 hat (worn)
Jewellery
 l - a +5 ring of evasion (left tentacle)
 m - a +3 ring of protection (right tentacle)
Scrolls
 b - 3 scrolls of teleportation {unknown}
 e - 7 scrolls of identify {unknown}
 f - a scroll of remove curse {unknown}
 g - 2 scrolls of magic mapping {unknown}
 h - a scroll of immolation {unknown}
 n - a scroll of fog {unknown}
Potions
 i - a potion of curing {unknown}
 j - a potion of berserk rage {unknown}
 k - 2 potions of degeneration {unknown}
 o - a potion of ambrosia {unknown}
 p - a potion of flight {unknown}


   Skills:
 + Level 0.5 Fighting
 + Level 0.2 Short Blades
 + Level 0.2 Maces & Flails
 + Level 2.3 Dodging
 + Level 3.6 Stealth
 + Level 0.6 Unarmed Combat
 + Level 4.4 Spellcasting
 + Level 2.1 Conjurations
 + Level 1.0 Summonings
   Level 1.0 Translocations


You had 9 spell levels left.
You knew the following spells:

 Your Spells              Type           Power        Failure   Level  Hunger
a - Magic Dart            Conj           ##..         4%          1    None
b - Call Imp              Summ           #.......     12%         2    #......

Your spell library contained the following spells:

 Spells                   Type           Power        Failure   Level  Hunger
 Blink                    Tloc           N/A          12%         2    #......
 Slow                     Hex            #.......     19%         2    #......
 Conjure Flame            Conj/Fire      #.......     24%         3    ###....
 Mephitic Cloud           Conj/Pois/Air  #.......     28%         3    ###....


Dungeon Overview and Level Annotations

Branches:
Dungeon (3/15)

Altars:
Elyvilon
Hepliaklqana
Nemelex Xobeh
Okawaru
Xom
Yredelemnul

Annotations:
D:3 Ijyb


Innate Abilities, Weirdness & Mutations

You cannot wear most types of armour.
You are very stealthy in the water. (Stealth+)
You are amphibious.
You can wear up to eight rings at the same time.
You can use your tentacles to constrict eight enemies at once.
Your skin changes colour to match your surroundings (Stealth+).
Your rubbery body absorbs attacks. (AC +1, EV +1)


Message History

You constrict Ijyb.
Your crimson imp hits Ijyb but does no damage.
Ijyb completely misses you.
You hit Ijyb but do no damage.
Ijyb is almost dead.
You constrict Ijyb, but do no damage.
Your crimson imp hits Ijyb but does no damage.
Ijyb hits your crimson imp but does no damage.
Your crimson imp hits Ijyb but does no damage.
You hit Ijyb but do no damage.
Ijyb is almost dead.
You constrict Ijyb, but do no damage. Ijyb hits you but does no damage.
Your crimson imp hits Ijyb.
Ijyb barely misses your crimson imp.
You hit Ijyb but do no damage. You squeeze Ijyb, but do no damage.
Ijyb is almost dead.
You constrict Ijyb, but do no damage.
Your crimson imp hits Ijyb but does no damage.
Ijyb zaps a wand.
You are blasted!
Ouch! That really hurt!
You die...

#............###...+..)..
#............# #)###.....
#............# #.........
#.>..........# ######'###
#............### #<.....
#....†.........# #......
#..............# #......
#.......5......# #......
#.......@g.....# #......
####.....#..!..# #...).)
#.....#.....# #......
#.....# .... #......
#.[...# ... #......
#.....# $. ###....
#.....# . #.... #.....#
#...) #####


You could see Ijyb and a friendly crimson imp.

Vanquished Creatures
  A bullfrog (D:3)
  3 adders
  An ooze (D:3)
  A worm (D:3)
  2 dart slugs
  5 orcs
  2 giant cockroaches
  3 goblins
  4 hobgoblins
  9 kobolds
  A quokka (D:2)
  A ball python (D:3)
  8 bats
  6 frilled lizards
  2 rats (D:3)
49 creatures vanquished.

Notes
Turn   | Place    | Note
-------+----------+-------------------------------------------
     0 | D:1      | Stoli the Octopode Wizard began the quest for the Orb.
     0 | D:1      | Reached XP level 1. HP: 11/11 MP: 4/4
   420 | D:1      | Reached XP level 2. HP: 17/17 MP: 0/6
   612 | D:1      | Learned a level 2 spell: Call Imp
  1765 | D:2      | Reached XP level 3. HP: 10/21 MP: 0/8
  2300 | D:2      | Found a basalt altar of Yredelemnul.
  2344 | D:2      | Found a white marble altar of Elyvilon.
  2371 | D:2      | Found a shimmering altar of Xom.
  2374 | D:2      | Found an iron altar of Okawaru.
  2539 | D:2      | Found a hazy altar of Hepliaklqana.
  3269 | D:3      | Reached XP level 4. HP: 27/27 MP: 2/9
  3374 | D:3      | Found a sparkling altar of Nemelex Xobeh.
  3380 | D:3      | Reached skill level 4 in Spellcasting
  3578 | D:3      | Noticed a bullfrog
  3586 | D:3      | Killed a bullfrog
  3586 | D:3      | Reached XP level 5. HP: 15/32 MP: 2/11
  4007 | D:3      | Noticed Ijyb
  4022 | D:3      | Blown up by Ijyb

Levels and vault maps discovered:
D:1:      eino_arrival_tree_alley, layout_basic, nrook_mini_vaults
D:2:      layout_loops_ring, lemuel_coloured_pillars_altar,
          grunt_temple_overflow_cloverleaf
D:3:      layout_basic, lemuel_round_altar, first_ration, uniq_ijyb

Skill      XL: |  1  2  3  4 |
---------------+-------------+-----
Stealth        | 3 |  3.6
Spellcasting   | 4 |  4.4
Conjurations   | 2 |  2.1
Fighting       | |  0.5
Short Blades   | |  0.2
Maces & Flails | |  0.2
Dodging        | |  2.3
Unarmed Combat | |  0.6
Summonings     | |  1.0
Translocations | |  1.0

Action                   |  1- 3 |  4- 6 || total
-------------------------+-------+-------++-------
Melee: Unarmed           |     8 |       ||     8
       Constrict         |     8 |     4 ||    12
       Tentacles         |     5 |     4 ||     9
       Dagger            |    23 |       ||    23
       Flail             |       |    15 ||    15
       Punch             |       |     1 ||     1
 Cast: Magic Dart        |    77 |    52 ||   129
       Call Imp          |       |     1 ||     1
 Stab: Sleeping          |     1 |       ||     1
  Eat: Ration            |     2 |     1 ||     3
       Chunk             |       |     1 ||     1
Armor: Skin              |     4 |     5 ||     9
Dodge: Dodged            |    37 |    21 ||    58
